 Dungeon Crawl Stone Soup version 0.27-a0-277-g024f7ef292 (webtiles) character file.

Game seed: 10941762795865642641

14520 Borgoz the Fighter (level 12, -16/80 HPs)
             Began as a Gargoyle Berserker on Feb 5, 2021.
             Was a High Priest of Trog.
             Demolished by an ettin
             ... wielding a +0 dire flail
              (31 damage)
             ... on level 12 of the Dungeon.
             The game lasted 00:13:32 (10294 turns).

Borgoz the Fighter (Gargoyle Berserker)            Turns: 10294, Time: 00:13:33

Health: -16/80     AC: 20    Str: 21    XL:     12   Next: 17%
Magic:  12/12      EV: 16    Int:  9    God:    Trog [*****.]
Gold:   755        SH:  0    Dex: 13    Spells: 11/11 levels left

rFire    . . .     SeeInvis +   b - +0 dire flail
rCold    . . .     Faith    .   (shield currently unavailable)
rNeg     + . .     Spirit   .   w - +0 acid dragon scales
rPois    ∞         Reflect  .   (no helmet)
rElec    +         Harm     .   B - +0 cloak
rCorr    +         Rampage  .   k - +0 pair of gloves
Will     .....                  (no boots)
Stlth    +.........             s - amulet of regeneration
HPRegen  0.63/turn              o - ring of see invisible
MPRegen  0.13/turn              (no ring)

@: no status effects
A: negative energy resistance 1, electricity resistance, unbreathing,
petrification resistance, miasma immunity, AC +8
a: Renounce Religion, Berserk, Trog's Hand, Brothers in Arms


You were on level 12 of the Dungeon.
You worshipped Trog.
Trog was extremely pleased with you.
You visited 2 branches of the dungeon, and saw 13 of its levels.

You collected 879 gold pieces.
You spent 124 gold pieces at shops.

Inventory:

Hand Weapons
 a - a +5 great mace of flaming
 b - a +0 dire flail (weapon)
Missiles
 q - 5 throwing nets
Armour
 k - a +0 pair of gloves (worn)
 w - +0 acid dragon scales (worn)
 B - a +0 cloak (worn)
Jewellery
 o - a ring of see invisible (left hand)
 s - an amulet of regeneration (around neck)
 z - an uncursed ring of flight
Wands
 j - a wand of paralysis (9)
 u - a wand of acid (18)
 y - a wand of flame (48)
Scrolls
 c - a scroll of fear {unknown}
 d - 4 scrolls of enchant weapon
 e - a scroll of magic mapping
 f - a scroll of blinking {unknown}
 h - 7 scrolls of teleportation
 m - a scroll of noise {unknown}
 p - 5 scrolls of remove curse
 r - a scroll of enchant armour {unknown}
 C - 2 scrolls of vulnerability {unknown}
Potions
 g - 3 potions of heal wounds
 i - 2 potions of cancellation
 l - 2 potions of ambrosia
 n - 2 potions of berserk rage
 t - 3 potions of curing
 v - 2 potions of invisibility {unknown}
 x - 3 potions of flight
 A - 3 potions of attraction {unknown}


   Skills:
 + Level 11.1 Fighting
 + Level 10.2 Maces & Flails
 + Level 10.8 Armour
 + Level 8.3 Dodging


You had 11 spell levels left.
You didn't know any spells.
Your spell library was empty.

Dungeon Overview and Level Annotations

Branches:
Dungeon (12/15)            Temple (1/1) D:6            Lair (0/6) D:10
    Orc (0/2) D:10

Altars:
Ashenzari
Cheibriados
Dithmenos
Elyvilon
Fedhas
Gozag
Hepliaklqana
Kikubaaqudgha
Makhleb
Nemelex Xobeh
Okawaru
Qazlal
Ru
Sif Muna
Trog
Uskayaw
Vehumet
Wu Jian
Xom
Yredelemnul
Zin
The Shining One

Shops:
D:4 *   D:7 (

Annotations:
D:10 1 runed translucent door, Borgoz's ghost, journeyman GrBe


Innate Abilities, Weirdness & Mutations

You are resistant to torment.
Your stone body is resilient. (AC +8)
You are immune to poison.
You resist negative energy. (rN+)
You are resistant to electric shocks. (rElec)
You can survive without breathing.
You are immune to petrification.
You are immune to miasma.


Message History

There is a stone staircase leading up here.
There is a stone staircase leading up here.
You see here 2 potions of degeneration.
A yaktaur captain comes into view.
The yaktaur captain moves out of view.
Found 18 gold pieces.
The yaktaur captain wields a +1 vorpal arbalest.
The yaktaur captain shoots a bolt.
The bolt hits you!!
You hear two shouts!
Found 48 gold pieces.
Found a bloodstained altar of Trog.
A yaktaur captain is nearby!
An ettin comes into view. It is wielding two +0 dire flails.
The yaktaur captain shoots a bolt.
The bolt hits you.
Found an opulent altar of Gozag.
You hit the ettin but do no damage.
The yaktaur captain shoots a bolt.
The bolt hits you!!!
* * * LOW HITPOINT WARNING * * *
x2 The ettin barely misses you.
The ettin hits you with a +0 dire flail!!
You die...

#. ####.# #.#
###..<.#
##..##...####
.......!.#
#####....#
###...#
##.##..#
._.#$.C8..#
...#$..@..#
...#$...!......
._.#$c.8..#####
.. ##.##..# ##
...# ...# ...#
...


You could see a yaktaur captain and an ettin.

Vanquished Creatures
  Harold (D:8)
  Erica (D:8)
  2 two-headed ogres
  Sonja (D:11)
  2 ugly things (D:11)
  Joseph (D:8)
  2 gargoyles
  Maggie (D:7)
  2 hornets (D:11)
  16 yaks
  A wyvern (D:8)
  A wraith (D:9)
  A water moccasin (D:10)
  12 orc warriors
  3 ice beasts
  A sky beast (D:7)
  2 black bears
  A swamp drake (D:10)
  3 ogres
  A necrophage (D:9)
  3 centaurs
  2 phantoms (D:5)
  6 bullfrogs
  A big kobold (D:7)
  A gnoll sergeant (D:6)
  A wyvern skeleton (D:9)
  3 scorpions
  4 killer bees (D:10)
  A water moccasin skeleton (D:7)
  17 wights
  5 howler monkeys
  A centaur zombie (D:11)
  3 jellies
  7 orc priests
  2 centaur skeletons
  4 hounds
  2 bullfrog skeletons
  5 iguanas
  A gnoll shaman (D:8)
  18 orc wizards
  7 worker ants
  2 hound zombies (D:5)
  2 worker ant zombies
  A howler monkey zombie (D:8)
  9 adders
  12 gnolls
  A shadow imp (D:8)
  A white imp (D:9)
  2 ufetubi (D:10)
  2 adder zombies
  4 worms
  An adder skeleton (D:7)
  3 dart slugs
  6 leopard geckos
  64 orcs
  8 bats
  4 giant cockroaches
  8 hobgoblins
  5 jackals
  6 quokkas
  A ball python (D:8)
  7 frilled lizards
  6 goblins
  10 kobolds
  A quokka skeleton (D:5)
  6 rats
321 creatures vanquished.

Vanquished Creatures (others)
  2 ghouls (D:1)
  A gargoyle (D:1)
  A troll (D:1)
  2 formicids (D:1)
  A spriggan (D:1)
  A vampire (D:1)
  A naga (D:1)
  A dwarf (D:1)
  An ogre (D:1)
  2 centaurs (D:1)
  An orc wizard (D:8)
  2 mummies (D:1)
  A fungus (D:5)
  2 plants (D:10)
  7 tentacles (D:1)
  5 toadstools (D:5)
31 creatures vanquished.

Grand Total: 352 creatures vanquished

Notes
Turn   | Place    | Note
-------+----------+-------------------------------------------
     0 | D:1      | Borgoz the Gargoyle Berserker began the quest for the Orb.
     0 | D:1      | Reached XP level 1. HP: 14/14 MP: 1/1
     2 | D:1      | Noticed a vampire
     2 | D:1      | Noticed a centaur
     2 | D:1      | Noticed a formicid
     2 | D:1      | Noticed a troll
     2 | D:1      | Noticed an ogre
     2 | D:1      | Noticed a gargoyle
     2 | D:1      | Noticed a ghoul
     2 | D:1      | Noticed a kraken
     2 | D:1      | Noticed a centaur
     2 | D:1      | Noticed a spriggan
     2 | D:1      | Noticed a dwarf
     2 | D:1      | Noticed a ghoul
     2 | D:1      | Noticed a formicid
     2 | D:1      | Noticed a naga
     6 | D:1      | Killed a gargoyle
     7 | D:1      | Killed a ghoul
     8 | D:1      | Killed a vampire
     8 | D:1      | Killed a formicid
    10 | D:1      | Killed a dwarf
    10 | D:1      | Killed a troll
    13 | D:1      | Killed a centaur
    15 | D:1      | Killed a ghoul
    16 | D:1      | Killed a formicid
    18 | D:1      | Killed a naga
    19 | D:1      | Killed a centaur
    21 | D:1      | Killed a spriggan
    21 | D:1      | Killed an ogre
   398 | D:1      | Reached XP level 2. HP: 16/19 MP: 2/2
  1209 | D:2      | Reached XP level 3. HP: 20/23 MP: 3/3
  1510 | D:2      | Reached ** piety under Trog
  1949 | D:3      | Reached XP level 4. HP: 29/29 MP: 4/4
  2388 | D:3      | Found a glowing golden altar of the Shining One.
  2388 | D:3      | Found a glowing silver altar of Zin.
  2389 | D:3      | Found a white marble altar of Elyvilon.
  2456 | D:4      | Reached skill level 4 in Fighting
  2560 | D:4      | Reached XP level 5. HP: 26/33 MP: 5/5
  2647 | D:4      | Reached XP level 6. HP: 16/39 MP: 6/6
  3138 | D:4      | Reached *** piety under Trog
  3239 | D:4      | Noticed an orc warrior
  3254 | D:4      | Killed an orc warrior
  3255 | D:4      | Reached skill level 5 in Fighting
  3266 | D:4      | Reached XP level 7. HP: 28/44 MP: 7/7
  3321 | D:4      | Found Ylilum's Assorted Antiques.
  3328 | D:4      | Bought a scroll labelled IPIUNU ADOM for 31 gold pieces
  3328 | D:4      | Bought a scroll labelled JINIXT LYONLOM for 31 gold pieces
  3328 | D:4      | Bought a scroll of identify for 62 gold pieces
  3627 | D:5      | Entered Level 5 of the Dungeon
  3752 | D:5      | Found a radiant altar of Vehumet.
  4062 | D:5      | Reached skill level 5 in Maces & Flails
  4219 | D:5      | Reached skill level 5 in Armour
  4234 | D:5      | Reached XP level 8. HP: 36/51 MP: 8/8
  4547 | D:6      | Reached skill level 6 in Fighting
  4618 | D:6      | Reached **** piety under Trog
  4901 | D:5      | Noticed a rust devil
  4901 | D:5      | Noticed a rust devil
  4916 | D:6      | Reached skill level 7 in Fighting
  4916 | D:6      | Reached XP level 9. HP: 48/57 MP: 9/9
  5258 | D:6      | Reached skill level 5 in Dodging
  5314 | D:6      | Found a broken altar of Ashenzari.
  5406 | D:6      | Found a staircase to the Ecumenical Temple.
  5493 | Temple   | Entered the Ecumenical Temple
  6012 | D:7      | Found Fike's Weapon Shoppe.
  6021 | D:7      | Found an ancient bone altar of Kikubaaqudgha.
  6304 | D:7      | Found a stormy altar of Qazlal.
  6395 | D:7      | Noticed Maggie
  6416 | D:7      | Killed Maggie
  6622 | D:7      | Found a stormy altar of Qazlal.
  6622 | D:7      | Found a shimmering altar of Xom.
  6630 | D:7      | Found a faded altar of an unknown god.
  6632 | D:7      | Found a snail-covered altar of Cheibriados.
  6635 | D:7      | Found a faded altar of an unknown god.
  6696 | D:8      | Reached skill level 8 in Fighting
  6714 | D:8      | Reached ***** piety under Trog
  6769 | D:8      | Noticed Harold
  6770 | D:8      | Reached XP level 10. HP: 64/64 MP: 10/10
  6787 | D:8      | Killed Harold
  6924 | D:8      | Noticed Erica
  6932 | D:8      | Noticed Joseph
  6943 | D:8      | Killed Erica
  6944 | D:8      | Reached skill level 9 in Fighting
  6964 | D:8      | Killed Joseph
  7371 | D:9      | Noticed a two-headed ogre
  7379 | D:9      | Killed a two-headed ogre
  7521 | D:9      | Reached XP level 11. HP: 55/72 MP: 11/11
  7527 | D:9      | HP: 3/108 [wyvern skeleton (7)]
  7529 | D:9      | HP: 1/108 [wyvern skeleton (2)]
  7692 | D:9      | Received a gift from Trog
  7989 | D:10     | Entered Level 10 of the Dungeon
  8125 | D:10     | Found a staircase to the Lair.
  8128 | D:10     | Reached skill level 10 in Fighting
  8460 | D:10     | Found a staircase to the Orcish Mines.
  8766 | D:10     | Found a runed translucent door.
  8767 | D:10     | Noticed Borgoz's ghost (journeyman GrBe)
  8768 | D:10     | Identified the +9 trident "Qaeniwusu" {freeze, *Corrode
                  | rPois Str+4}
  8768 | D:10     | Noticed a spriggan rider
  9172 | D:11     | Reached skill level 10 in Armour
  9360 | D:11     | Noticed a purple ugly thing
  9372 | D:11     | Killed a purple ugly thing
  9601 | D:11     | Noticed Sonja
  9608 | D:11     | Killed Sonja
  9609 | D:11     | Reached skill level 10 in Maces & Flails
  9609 | D:11     | Reached XP level 12. HP: 79/79 MP: 12/12
  9758 | D:11     | Noticed a two-headed ogre
  9772 | D:11     | Killed a two-headed ogre
  9772 | D:11     | Received a gift from Trog
  9773 | D:11     | Reached skill level 11 in Fighting
 10289 | D:12     | Noticed a yaktaur captain
 10291 | D:12     | Found a bloodstained altar of Trog.
 10292 | D:12     | Noticed an ettin
 10293 | D:12     | Found an opulent altar of Gozag.
 10294 | D:12     | Demolished by an ettin

Illustrated notes

Levels and vault maps discovered:
D:1:      nicolae_arrival_kraken_aquarium_b, layout_rooms
D:2:      layout_basic
D:3:      layout_rooms, good_gods_mini_temple
D:4:      layout_loops_ring, serial_shops, shop
D:5:      cheibrodos_iron_armory, layout_gridville, vehumet_crystals,
          minmay_gold_behind_fungi
D:6:      layout_loops_ring, minmay_temple_entry_nine_rooms, skrybe_limestone_x,
          cheibrodos_ashenzari_chains
D:7:      layout_loops_corners, kiku_gazebo_garden_becter,
          chequers_temple_overflow_minitemple, basic_altar, serial_shops, shop,
          uniq_maggie
D:8:      layout_rooms, uniq_harold, uniq_erica, uniq_joseph
D:9:      layout_big_octagon, serial_column_ruins, column_ruins_hut,
          column_ruins_square_small, column_ruins_columns_straight,
          column_ruins_open_small, column_ruins_columns_corner,
          column_ruins_columns_corner, column_ruins_columns_plus
D:10:     layout_loops_ring, lair_entry_dummy, erik_orc_1,
          ebering_ghost_funeral_grove
D:11:     layout_irregular_city, uniq_sonja
D:12:     layout_loops_ring, jmf_multi_god_temple
Temple:   nicolae_temple_great_sept

Skill      XL: |  1  2  3  4  5  6  7  8  9 10 11 12 |
---------------+-------------------------------------+-----
Dodging        | 2 3 4 5 7 8 |  8.3
Armour         | 3 4 5 6 7 9 10 | 10.8
Fighting       | 4 5 7 8 9 10 11 | 11.1
Maces & Flails | 4 5 6 7 8 10 | 10.2

Action                   |  1- 3 |  4- 6 |  7- 9 | 10-12 || total
-------------------------+-------+-------+-------+-------++-------
Melee: Mace              |   134 |    33 |       |       ||   167
       Flail             |       |    67 |   209 |       ||   276
       Morningstar       |       |       |    77 |       ||    77
       Dire flail        |       |       |   205 |   652 ||   857
Invok: Berserk           |     3 |     4 |    10 |    11 ||    28
       Trog's Hand       |       |       |     2 |     3 ||     5
Evoke: Wand              |       |       |       |     1 ||     1
  Use: Scroll            |     1 |     3 |     4 |     6 ||    14
       Potion            |       |       |     1 |     1 ||     2
 Stab: Sleeping          |     2 |       |       |       ||     2
       Distracted        |       |     1 |       |       ||     1
       Paralysed         |       |       |       |     2 ||     2
Armor: Animal skin       |    62 |    41 |    90 |       ||   193
       Ring mail         |       |       |   180 |       ||   180
       Acid dragon scale |       |       |    41 |   325 ||   366
Dodge: Dodged            |   105 |    77 |   498 |   621 ||  1301

Table legend: (Time is in decaauts)
 A = Elapsed time spent in this place.
 B = Non-inter-level travel time spent in this place.
 C = Inter-level travel time spent in this place.
 D = Time resting spent in this place.
 E = Time spent auto-exploring this place.
 F = Levels seen in this place.
 G = Mean time per level.
                   A        B        C        D        E       F      G
               +--------+--------+--------+--------+--------+-----+--------+
         Total |  10481 |  10102 |    379 |   1610 |   6112 |  13 |  806.2 |
       Dungeon |  10411 |  10042 |    369 |   1610 |   6053 |  12 |  867.6 |
        Temple |     69 |     59 |     10 |      0 |     59 |   1 |   69.0 |
               +--------+--------+--------+--------+--------+-----+--------+

Top non-repeatable levels by time:
     D:1: 1228 daAuts
     D:4: 1228 daAuts
    D:11: 1189 daAuts
     D:7: 1087 daAuts
    D:10: 1063 daAuts
     D:6: 1058 daAuts
     D:5: 951 daAuts
     D:9: 720 daAuts
     D:2: 719 daAuts
     D:8: 592 daAuts
     D:3: 559 daAuts
  Temple: 69 daAuts
    D:12: 12 daAuts
